 Dungeon Crawl Stone Soup version 0.32-a0-666-ge8a88695a4 (webtiles) character file.

Game seed: 3954589539804435058

1782 ezpacito the Trooper (level 9, 0/68 HPs)
             Began as a Coglin Chaos Knight on Mar 9, 2024.
             Was a Plaything of Xom.
             Slain by a sixfirhy (12 damage)
             ... summoned by Xom
             ... on level 5 of the Dungeon on Mar 10, 2024.
             The game lasted 00:05:29 (4747 turns).

ezpacito the Trooper (Coglin Chaos Knight)          Turns: 4747, Time: 00:05:29

Health: 0/68       AC:  9    Str: 16    XL:     9   Next: 8%
Magic:  12/12      EV: 14    Int: 13    God:    Xom [..*...]
Gold:   292        SH:  0    Dex: 22    Spells: 13/13 levels left

rFire   . . .        v - +10 whip "Huon" {flame, Int+3 Dex+4}
rCold   . . .        a - +0 hand axe (chaos) {Ferran}
rNeg    . . .        x - +3 leather armour {rPois}
rPois   +            e - +1 hat
rElec   .            s - +1 cloak {Stlth+}
rCorr   .            (no gloves)
SInv    .            (no boots)
Will    .....        (amulet unavailable)
Stlth   +++          (ring unavailable)
HPRegen 0.31/turn    (ring unavailable)
MPRegen 0.13/turn    (no gizmo)

%: no passive effects
@: mighty, revving
A: off-hand wielding, slow wielding, warmup strikes, no jewellery, horns 1,
agile 1
a: Invent Gizmo, Renounce Religion


You were on level 5 of the Dungeon.
You worshipped Xom.
You were a toy of Xom.
You visited 1 branch of the dungeon, and saw 5 of its levels.
You also visited: Sewer.

You collected 364 gold pieces.
You spent 72 gold pieces at shops.

Inventory:

Hand Weapons
 a - a +0 hand axe of chaos (offhand) {Ferran}
 f - a +1 dagger of holy wrath {Cândido}
 v - the +10 whip "Huon" (weapon) {flame, Int+3 Dex+4}
   (You found it on level 4 of the Dungeon)

   Int+3:     It affects your intelligence (+3).
   Dex+4:     It affects your dexterity (+4).
Missiles
 w - 5 poisoned darts (quivered)
Armour
 e - a +1 hat (worn)
 j - a +0 chain mail
 r - the +0 helmet of Wariness {Will+}
   (You took it off Robin on level 3 of the Dungeon)

   Will+:     It increases your willpower.
 s - a +1 cloak of stealth (worn)
 x - a +3 leather armour of poison resistance (worn)
Wands
 i - a wand of iceblast (6)
 B - a wand of paralysis (7)
Scrolls
 c - a scroll of butterflies
 l - 2 scrolls of fear {unknown}
 t - 2 scrolls of teleportation
 u - 2 scrolls of brand weapon {unknown}
 y - a scroll of poison {unknown}
 A - a scroll of fog {unknown}
Potions
 b - a potion of mutation {unknown}
 g - a potion of enlightenment {unknown}
 h - a potion of heal wounds {unknown}
 k - a potion of cancellation {unknown}
 m - 2 potions of haste {unknown}
 n - 2 potions of resistance
 o - a potion of ambrosia
 p - a potion of invisibility {unknown}
 q - 5 potions of curing
 z - a potion of magic {unknown}


   Skills:
 * Level 5.5 Fighting
 * Level 5.5(6.1) Axes
 + Level 1.6(3.6) Maces & Flails
 + Level 2.7(4.2) Polearms
 * Level 4.5 Armour
 * Level 4.3 Dodging
 + Level 2.7 Stealth
 + Level 2.5 Spellcasting
 + Level 1.3 Evocations


You had 13 spell levels left.
You didn't know any spells.
Your spell library contained the following spells:

 Spells                   Type           Power      Damage    Failure   Level
 Vhi's Electric Charge    Tloc/Air       2%         N/A       96%         4
 Arcjolt                  Conj/Air       0%         1d10      100%        5
 Maxwell's Capacitive Co  Air            0%         ∞         100%        8


Dungeon Overview and Level Annotations

Branches:
Dungeon (5/15)             Temple (0/1) D:4           Sewer (visited)

Altars:
Ashenzari
Dithmenos
Ru

Shops:
D:2 !   D:4 (


Innate Abilities, Weirdness & Mutations

You can wield a second weapon in your off-hand.
It takes a long time for you to wield or remove held weapons.
Your first few attacks do less damage.
You cannot equip rings or amulets.
You have a pair of small horns on your head.
You are agile. (Dex +4, Str/Int -1)


Message History

The howler monkey is almost dead.
You whack the howler monkey with the +10 whip "Huon"!
You burn the howler monkey.
You kill the howler monkey!
The orc closely misses you.
You hit the orc with your +0 hand axe of chaos.
You burn the orc.
The orc is heavily wounded.
You barely miss the orc with the +10 whip "Huon".
The orc hits you but does no damage.
You hit the orc with the +10 whip "Huon".
You burn the orc.
You kill the orc!
Things that are here:
a +0 short sword; an orc corpse "Fight to survive, mortal."
You are now a toy of Xom.
A sixfirhy is nearby!
You closely miss the sixfirhy with the +10 whip "Huon".
You hit the sixfirhy with your +0 hand axe of chaos.
You freeze the sixfirhy. The sixfirhy hits you! The sixfirhy shocks you!
You take 17 damage, and have 51/68 hp.
MASSIVE DAMAGE!!
You whack the sixfirhy with the +10 whip "Huon"!
You burn the sixfirhy. Your headbutt misses the sixfirhy.
The sixfirhy is moderately wounded.
You closely miss the sixfirhy with your +0 hand axe of chaos.
The sixfirhy misses you. The sixfirhy hits you. The sixfirhy shocks you!
The sixfirhy barely misses you.
The sixfirhy hits you but does no damage.
You take 15 damage, and have 36/68 hp.
MASSIVE DAMAGE!!
You are too injured to fight recklessly!
You are too injured to fight recklessly!
You feel very mighty all of a sudden. The sixfirhy barely misses you.
The sixfirhy hits you. The sixfirhy shocks you!
* * * LOW HITPOINT WARNING * * *
The sixfirhy hits you!
* * * LOW HITPOINT WARNING * * *
The sixfirhy shocks you!
You die... "I guess I need a new plaything now."

## .. #### ##. #... #.. #...
#.# .# ..##... #.# ..
...#...) ####### #.#
.##.##.... #.....#####@####
..#.#....# #..........3...###
#####.###
#.....#####.#....###...###..
#......####........#._.#....
######.....##....###...###..
##### #####.##..###.##'##.###
#...#######..####[...#.#....#
#...................##.##....
#...########........#...#....


You could see a sixfirhy (summoned).

Vanquished Creatures
  A hornet (D:2)
  Eustachio (D:4)
  2 black bears (D:5)
  An ice beast (D:5)
  A boggart (D:2)
  2 brain worms (Sewer)
  3 scorpions (D:4)
  A howler monkey (D:5)
  2 orc priests (D:5)
  5 hounds
  A jelly (D:5)
  Crazy Yiuf (D:3)
  Jessica (D:2)
  Terence (D:2)
  Natasha (thrice) (D:3)
  2 orc wizards (D:5)
  Robin (D:3)
  4 gnolls (D:5)
  8 adders
  3 river rats (Sewer)
  2 ufetubi (D:5)
  3 dart slugs
  2 ribbon worms
  5 orcs (D:5)
  10 ball pythons
  6 endoplasms
  3 giant cockroaches
  14 goblins (D:3)
  11 hobgoblins
  10 jackals
  5 quokkas
  2 bats (D:1)
  10 frilled lizards
  10 kobolds
  12 rats
149 creatures vanquished.

Vanquished Creatures (collateral kills)
  A goblin (D:1)
1 creature vanquished.

Grand Total: 150 creatures vanquished

Notes
Turn   | Place    | Note
-------+----------+-------------------------------------------
     0 | D:1      | ezpacito the Coglin Chaos Knight began the quest for the
                  | Orb.
     0 | D:1      | Reached XP level 1. HP: 18/18 MP: 1/1
    44 | D:1      | Reached skill level 1 in Dodging
   156 | D:1      | XOM: divination: detect creatures
   164 | D:1      | XOM: summons friendly soul eater
   212 | D:1      | Reached XP level 2. HP: 22/24 MP: 2/2
   463 | D:1      | Reached XP level 3. HP: 29/29 MP: 3/3
   973 | D:2      | an adder changed into a hornet
   973 | D:2      | Noticed a hornet
   977 | D:2      | Killed a hornet
   978 | D:2      | Reached skill level 1 in Polearms
   978 | D:2      | Reached skill level 1 in Stealth
   978 | D:2      | Reached skill level 1 in Spellcasting
   978 | D:2      | Reached XP level 4. HP: 6/37 MP: 3/5
   978 | D:2      | Reached XP level 5. HP: 7/42 MP: 3/6
   978 | D:2      | Reached XP level 6. HP: 8/48 MP: 3/7
   981 | D:2      | XOM: god gift: 36 gold pieces
  1101 | D:2      | Noticed Jessica
  1105 | D:2      | Killed Jessica
  1200 | D:2      | HP: 2/48 [poisoned by an adder]
  1299 | D:2      | Found Ephocwat's Distillery.
  1299 | D:2      | XOM: 4-stop teleportation journey
  1372 | D:2      | Bought a potion of curing for 42 gold pieces
  1464 | D:2      | XOM: give mutations
  1464 | D:2      | Gained mutation: You are agile. (Dex +4, Str/Int -1) [Xom's
                  | grace]
  1464 | D:2      | Gained mutation: You have a pair of small horns on your
                  | head. [Xom's grace]
  1522 | D:2      | XOM: cloud trail
  1673 | D:2      | Noticed Terence
  1681 | D:2      | Killed Terence
  1927 | D:3      | XOM: noise
  1927 | D:3      | Noticed Natasha
  1935 | D:3      | Killed Natasha
  1936 | D:3      | Reached XP level 7. HP: 41/54 MP: 9/9
  2095 | D:3      | Found a glowing drain.
  2099 | Sewer    | Entered a sewer
  2353 | Sewer    | XOM: enchant monster (good)
  2360 | Sewer    | XOM: 3-stop teleportation journey
  2598 | D:3      | Identified the +0 helmet of Wariness {Will+}
  2598 | D:3      | Noticed Robin
  2606 | D:3      | Killed Robin
  2661 | D:3      | XOM: 5-stop teleportation journey
  2930 | D:3      | Noticed Natasha
  2938 | D:3      | Killed Natasha
  3092 | D:3      | Noticed Natasha
  3097 | D:3      | Killed Natasha
  3111 | D:3      | Found a sacrificial altar of Ru.
  3301 | D:3      | XOM: divination: detect creatures
  3317 | D:3      | Found a runed translucent door.
  3318 | D:3      | Noticed Crazy Yiuf
  3327 | D:3      | Killed Crazy Yiuf
  3460 | D:4      | Identified the +10 whip "Huon" {flame, Int+3 Dex+4}
  3555 | D:4      | Reached XP level 8. HP: 53/61 MP: 10/10
  3555 | D:4      | XOM: enchant monster (good)
  3642 | D:4      | Found a staircase to the Ecumenical Temple.
  3696 | D:4      | Found Jotoub's Weapon Shop.
  3703 | D:4      | XOM: potion effect (might)
  3766 | D:4      | Bought 5 poisoned darts for 30 gold pieces
  3769 | D:4      | Noticed Eustachio
  3771 | D:4      | XOM: potion effect (attraction)
  3776 | D:4      | Killed Eustachio
  3777 | D:4      | Reached skill level 5 in Axes
  3777 | D:4      | Reached skill level 1 in Maces & Flails
  3863 | D:4      | Found a shadowy altar of Dithmenos.
  4002 | D:4      | Saving game... please wait.
  4029 | D:5      | Entered Level 5 of the Dungeon
  4037 | D:5      | Reached skill level 5 in Fighting
  4376 | D:5      | Reached skill level 1 in Evocations
  4376 | D:5      | Reached XP level 9. HP: 67/68 MP: 12/12
  4486 | D:5      | XOM: 2-stop teleportation journey
  4647 | D:5      | Found a broken altar of Ashenzari.
  4743 | D:5      | XOM: summons 1 hostile demon
  4744 | D:5      | Noticed a sixfirhy
  4747 | D:5      | Slain by a sixfirhy

Illustrated notes

Levels and vault maps discovered:
D:1:      zaba_arrival_water, layout_basic, minmay_cut_off
D:2:      layout_rooms, serial_shops, nicolae_shop_statue_plus, uniq_terence,
          uniq_jessica
D:3:      layout_basic, nicolae_ru_path_of_blood, gup_sewer_entry_bowl,
          st_stairs_3, uniq_crazy_yiuf_cottage, uniq_natasha, uniq_robin
D:4:      layout_cave_pools, lemuel_doored_altar,
          minmay_temple_entry_from_below_b, serial_shops, shop,
          minmay_misc_feat_secret_circle, uniq_eustachio
D:5:      layout_rooms, nicolae_ashenzari_panopticon

Skill      XL: |  1  2  3  4  5  6  7  8 |
---------------+-------------------------+-----
Dodging        | 1 2 3 4 |  4.3
Armour         | 2 3 4 |  4.5
Polearms       | 1 2 |  2.7
Stealth        | 1 2 |  2.7
Spellcasting   | 1 2 |  2.5
Fighting       | 4 5 |  5.5
Axes           | 4 5 |  5.5
Maces & Flails | 1 |  1.6
Evocations     | 1 |  1.3

Action                     |  1- 3 |  4- 6 |  7- 9 || total
---------------------------+-------+-------+-------++-------
  Melee: Hand axe          |    59 |    64 |   180 ||   303
         Dagger            |    53 |    60 |   105 ||   218
         Headbutt          |       |     8 |    56 ||    64
         Whip              |       |       |    74 ||    74
    Use: Potion            |     1 |     1 |     2 ||     4
         Scroll            |       |     3 |     1 ||     4
   Stab: Sleeping          |     2 |     3 |     3 ||     8
         Paralysed         |       |     2 |       ||     2
         Confused          |       |     1 |     1 ||     2
         Petrifying        |       |       |     1 ||     1
         Petrified         |       |       |     1 ||     1
         Distracted        |       |       |     1 ||     1
 Armour: Leather armour    |    44 |    47 |    44 ||   135
         Chain mail        |       |     3 |    94 ||    97
  Dodge: Dodged            |    31 |    39 |   125 ||   195

Table legend: (Time is in decaauts)
 A = Elapsed time spent in this place.
 B = Non-inter-level travel time spent in this place.
 C = Inter-level travel time spent in this place.
 D = Time resting spent in this place.
 E = Time spent auto-exploring this place.
 F = Levels seen in this place.
 G = Mean time per level.
                   A        B        C        D        E       F      G
               +--------+--------+--------+--------+--------+-----+--------+
         Total |   4810 |   4660 |    150 |    285 |   3427 |   6 |  801.7 |
       Dungeon |   4283 |   4133 |    150 |    285 |   3002 |   5 |  856.6 |
         Sewer |    526 |    526 |      0 |      0 |    425 |   1 |  526.0 |
               +--------+--------+--------+--------+--------+-----+--------+

Top non-repeatable levels by time:
     D:3: 1063 daAuts
     D:1: 974 daAuts
     D:2: 890 daAuts
     D:5: 715 daAuts
     D:4: 639 daAuts
   Sewer: 526 daAuts
